 Dungeon Crawl Stone Soup version 0.27-a0-887-gcab673c142 (webtiles) character file.

Game seed: 15039092735002599755

3551 mhtbhm the Cleaver (level 9, -13/79 HPs)
             Began as a Minotaur Fighter on Apr 3, 2021.
             Was a Priest of Trog.
             Mangled by a boulder beetle (57 damage)
             ... on level 6 of the Dungeon.
             The game lasted 00:10:31 (6229 turns).

mhtbhm the Cleaver (Minotaur Fighter)               Turns: 6229, Time: 00:10:32

Health: -13/79     AC:  7    Str: 24    XL:     9   Next: 83%
Magic:  8/8        EV: 11    Int: 14    God:    Trog [***...]
Gold:   322        SH: 11    Dex: 10    Spells: 8/8 levels left

rFire    + . .     SeeInvis .   a - +6 war axe of Atokkirch {protect, rF+ rC+ Int+3}
rCold    + + +     Faith    .   c - +0 kite shield
rNeg     + + .     Spirit   .   b - +1 ring mail of Patience {rC++ rN++}
rPois    .         Reflect  .   (helmet restricted)
rElec    .         Harm     .   (no cloak)
rCorr    +         Rampage  .   (no gloves)
Will     .....                  (no boots)
Stlth    +.........             l - amulet of regeneration
HPRegen  1.23/turn              j - ring of resist corrosion
MPRegen  0.11/turn              d - +6 ring of intelligence

@: berserk cooldown, slowed, very slow
A: horns 2, retaliatory headbutt
a: Renounce Religion, Berserk, Trog's Hand


You were on level 6 of the Dungeon.
You worshipped Trog.
Trog was most pleased with you.
You visited 1 branch of the dungeon, and saw 6 of its levels.
You also visited: Ossuary.

You collected 455 gold pieces.
You spent 133 gold pieces at shops.

Inventory:

Hand Weapons
 a - the +6 war axe of Atokkirch (weapon) {protect, rF+ rC+ Int+3}
   (You found it on level 4 of the Dungeon)

   It grants its wielder temporary protection when it strikes (+7 to AC).
   It affects your intelligence (+3).
   It protects you from fire.
   It protects you from cold.
Armour
 b - the +1 ring mail of Patience (worn) {rC++ rN++}
   (You found it on level 4 of the Dungeon)

   It greatly protects you from cold.
   It greatly protects you from negative energy.
 c - a +0 kite shield (worn)
Jewellery
 d - a +6 ring of intelligence (right hand)
 j - a ring of resist corrosion (left hand)
 l - an amulet of regeneration (around neck)
Scrolls
 e - 3 scrolls of teleportation
 g - 2 scrolls of noise
 k - a scroll of enchant armour
 m - 2 scrolls of fog
 o - a scroll of enchant weapon
 r - 3 scrolls of immolation
 s - 2 scrolls of amnesia {unknown}
 t - a scroll of silence
 w - a scroll of summoning {unknown}
 y - a scroll of identify
 B - a scroll of magic mapping
Potions
 f - 6 potions of curing
 h - 2 potions of heal wounds
 i - a potion of lignification
 p - a potion of flight
 q - 2 potions of haste
 u - 2 potions of mutation {unknown}
 v - a potion of degeneration {unknown}
 x - a potion of attraction {unknown}
 z - a potion of might
 A - a potion of brilliance {unknown}


   Skills:
 + Level 7.6 Fighting
 + Level 11.5 Axes
 + Level 0.1 Throwing
 + Level 7.0 Armour
 + Level 5.1 Dodging
 + Level 1.0 Stealth
 + Level 7.0 Shields


You had 8 spell levels left.
You didn't know any spells.
Your spell library was empty.

Dungeon Overview and Level Annotations

Branches:
Dungeon (6/15)             Temple (0/1) D:6         Ossuary (visited)

Altars:
Dithmenos
Hepliaklqana
Makhleb
Nemelex Xobeh
Qazlal
Trog
Vehumet
Wu Jian
Xom
Yredelemnul
The Shining One

Shops:
D:4 ?(*   D:6 *

Annotations:
D:6 2 runed translucent doors


Innate Abilities, Weirdness & Mutations

You have a pair of horns on your head.
You reflexively headbutt those who attack you in melee.


Message History

You hit the boulder beetle.
You headbutt the boulder beetle, but do no damage.
The boulder beetle is severely wounded.
You block the boulder beetle's attack.
You slash the boulder beetle!
The boulder beetle is severely wounded.
You feel yourself speed up. The boulder beetle bites you!!
You hit the boulder beetle but do no damage.
The boulder beetle is severely wounded.
You are no longer berserk.
You are exhausted.
You feel yourself slow down.
You hit the boulder beetle.
The boulder beetle is severely wounded.
The boulder beetle leaps! x2
Unknown command.
You aren't carrying any items that you can evoke.
Unknown command.
Throw: throwing net
Press: ? - help, Q - select action, (/) - cycle Shift-Dir - straight line, f - boulder beetle
Aim: a boulder beetle (severely wounded, 89% to hit)
You throw a throwing net.
The throwing net hits the boulder beetle.
The boulder beetle is caught in the net!
The boulder beetle is severely wounded.
The boulder beetle struggles against the net.
You aren't carrying any items that you can evoke.
Unknown command.
Okay, then.
You feel better.
The boulder beetle curls into a ball and begins rolling!
The boulder beetle struggles against the net.
The boulder beetle struggles against the net. x2
There is a large open translucent door here.
The boulder beetle struggles against the net. x2
The net rips apart, and the boulder beetle comes free!
The boulder beetle hits you!!!
Ouch! That really hurt!
You die...

#.# #.##.......... #.#
##........#.... #.#
#..######...... #.#
#.##....##.....
###.####.#)####.#.....
###........##.#...#.....
#...##''##.'.##.#.#.....
#..##8..8#####.##.#.....
#..#8..@.8# #).#.##.....
#..#[..B.?# ######..####
#..#/...○}# *****#..####
#.†#8...°8# *,,,,##.....
###..##8..8##*****,,#.....
#.....##++##,+,*,**,#.....
#.##........,*,,*,*,#..###
#.*#........,*,****,#..#
#,,..>....##,**,,,,##..###


You could see a boulder beetle.

Vanquished Creatures
  Prince Ribbit (D:5)
  Grinder (D:3)
  Sigmund (D:6)
  A vampire (D:6)
  A wraith (D:6)
  Eustachio (D:5)
  Menkaure (D:4)
  The ghost of srzhan31 the Magician, an amateur DjEE (D:3)
  An acid dragon (D:6)
  A water moccasin (D:6)
  The ghost of thegreatwait the Digger, an amateur GrEE (D:3)
  Duvessa (D:5)
  2 necrophages
  An ice beast (D:5)
  A black bear (D:6)
  An orc warrior (D:6)
  An ogre (D:5)
  2 phantoms
  A kobold brigand (D:6)
  3 scorpions
  Dowan (D:5)
  A wyvern skeleton (D:6)
  2 howler monkeys
  3 bullfrog zombies (D:5)
  A centaur zombie (D:5)
  An orc priest (D:5)
  A jelly (D:6)
  3 hounds
  A centaur skeleton (D:6)
  A bullfrog skeleton (D:5)
  A gnoll shaman (D:6)
  3 orc wizards
  2 iguanas
  A killer bee zombie (D:6)
  A mummy (Ossuary)
  5 gnolls
  2 howler monkey skeletons
  7 adders
  A shadow imp (D:6)
  A white imp (D:6)
  An ufetubus (D:5)
  An adder skeleton (D:5)
  3 worms
  2 dart slugs
  21 orcs
  3 spectral bats (Ossuary)
  4 bats
  An endoplasm (D:1)
  2 giant cockroaches
  12 gnoll zombies (Ossuary)
  5 goblins
  5 hobgoblins
  13 jackals
  2 quokkas (D:2)
  7 ball pythons
  5 bat simulacra (Ossuary)
  3 frilled lizards
  2 goblin simulacra (Ossuary)
  5 goblin zombies (Ossuary)
  4 hobgoblin zombies (Ossuary)
  13 kobolds
  6 kobold simulacra (Ossuary)
  6 kobold zombies (Ossuary)
  3 orc zombies (Ossuary)
  A quokka skeleton (D:2)
  6 rats
  A rat simulacrum (Ossuary)
  A spectral goblin (Ossuary)
  3 spectral kobolds (Ossuary)
  3 spectral rats (Ossuary)
207 creatures vanquished.

Notes
Turn   | Place    | Note
-------+----------+-------------------------------------------
     0 | D:1      | mhtbhm the Minotaur Fighter began the quest for the Orb.
     0 | D:1      | Reached XP level 1. HP: 19/19 MP: 0/0
   360 | D:1      | Reached XP level 2. HP: 27/27 MP: 1/1
  1031 | D:2      | Found a faded altar of an unknown god.
  1100 | D:2      | Reached skill level 3 in Axes
  1163 | D:2      | Reached XP level 3. HP: 24/33 MP: 2/2
  1837 | D:3      | Found a runed translucent gate.
  1838 | D:3      | Found a runed translucent gate.
  1847 | D:3      | Found a runed translucent gate.
  1848 | D:3      | Noticed srzhan31's ghost (amateur DjEE)
  1849 | D:3      | Noticed thegreatwait's ghost (amateur GrEE)
  2072 | D:3      | Noticed Grinder
  2073 | D:3      | Paralysed by Grinder for 7 turns
  2085 | D:3      | Found a glowing golden altar of the Shining One.
  2088 | D:3      | Killed Grinder
  2089 | D:3      | Reached skill level 5 in Axes
  2089 | D:3      | Reached skill level 5 in Armour
  2089 | D:3      | Reached XP level 4. HP: 26/41 MP: 3/3
  2089 | D:3      | Reached XP level 5. HP: 30/47 MP: 4/4
  2523 | D:3      | Reached skill level 5 in Fighting
  2523 | D:3      | Reached XP level 6. HP: 56/56 MP: 5/5
  2769 | D:3      | Found a shadowy altar of Dithmenos.
  3163 | D:3      | Killed thegreatwait's ghost
  3164 | D:3      | Reached skill level 1 in Dodging
  3177 | D:3      | Killed srzhan31's ghost
  3178 | D:3      | Reached skill level 6 in Axes
  3178 | D:3      | Reached skill level 5 in Shields
  3178 | D:3      | Reached XP level 7. HP: 49/61 MP: 6/6
  3361 | D:4      | Found Saurih's Antique Weapon Shoppe.
  3367 | D:4      | Found Voleura's Magic Scroll Shoppe.
  3367 | D:4      | Noticed Menkaure
  3373 | D:4      | Killed Menkaure
  3420 | D:4      | Bought a scroll of magic mapping for 49 gold pieces
  3420 | D:4      | Bought 3 scrolls of identify for 84 gold pieces
  3594 | D:4      | Found Ofaaqax's Assorted Antiques.
  3717 | D:4      | Identified the +6 war axe of Atokkirch {protect, rF+ rC+
                  | Int+3}
  3991 | D:4      | Found a stormy altar of Qazlal.
  4001 | D:4      | Reached skill level 7 in Axes
  4002 | D:4      | Found a radiant altar of Vehumet.
  4003 | D:4      | Found a bloodstained altar of Trog.
  4003 | D:4      | Found a shimmering altar of Xom.
  4004 | D:4      | Found a sparkling altar of Nemelex Xobeh.
  4012 | D:4      | Became a worshipper of Trog the Wrathful
  4109 | D:4      | Identified the +1 ring mail of Patience {rC++ rN++}
  4258 | D:5      | Entered Level 5 of the Dungeon
  4283 | D:5      | Reached XP level 8. HP: 66/69 MP: 7/7
  4335 | D:5      | Reached skill level 8 in Axes
  4355 | D:5      | Noticed Prince Ribbit
  4366 | D:5      | Killed Prince Ribbit
  4594 | D:5      | Noticed Dowan
  4596 | D:5      | Noticed Duvessa
  4602 | D:5      | Killed Duvessa
  4603 | D:5      | Reached skill level 9 in Axes
  4608 | D:5      | Killed Dowan
  4917 | D:5      | Noticed Eustachio
  4931 | D:5      | Killed Eustachio
  4935 | D:5      | Reached * piety under Trog
  5068 | D:5      | Found a hazy altar of Hepliaklqana.
  5074 | D:5      | Reached XP level 9. HP: 70/75 MP: 8/8
  5168 | D:6      | Found Mefurime's Mayhem Merchandise.
  5215 | D:6      | Found a sand-covered staircase.
  5221 | Ossuary  | Entered an ossuary
  5297 | Ossuary  | Reached ** piety under Trog
  5610 | D:6      | Reached skill level 10 in Axes
  5748 | D:6      | Found a staircase to the Ecumenical Temple.
  5751 | D:6      | Noticed Sigmund
  5762 | D:6      | Killed Sigmund
  5762 | D:6      | Reached *** piety under Trog
  5803 | D:6      | Found a basalt altar of Yredelemnul.
  5844 | D:6      | Found a burning altar of Makhleb.
  5882 | D:6      | Found an ornate altar of the Wu Jian Council.
  6043 | D:6      | Found a large runed translucent door.
  6043 | D:6      | Found a large runed translucent door.
  6055 | D:6      | Reached skill level 11 in Axes
  6069 | D:6      | Reached skill level 5 in Dodging
  6119 | D:6      | Noticed a boulder beetle
  6127 | D:6      | Found a large runed translucent door.
  6127 | D:6      | Found a large runed translucent door.
  6218 | D:6      | Reached skill level 1 in Stealth
  6229 | D:6      | Mangled by a boulder beetle

Illustrated notes

Levels and vault maps discovered:
D:1:      kilobyte_arrival_exit_the_forest, layout_basic
D:2:      layout_basic, basic_ecumenical_altar, dk_noncrumbling_4,
          minmay_small_reverse_x
D:3:      layout_loops_ring, amcnicky_altar_gilded,
          nicolae_overflow_crystal_walls, gammafunk_ghost_cemetery, uniq_grinder
D:4:      layout_loops_ring, minitemple, serial_shops, shop, shop,
          nicolae_shop_statue_plus, cheibrodos_gnoll_hut, uniq_menkaure
D:5:      layout_basic, old_standard_altar, uniq_eustachio, uniq_duvessa,
          uniq_prince_ribbit1
D:6:      layout_basic, yredelemnul_altar_generic, nicolae_wu_jian_wuxing_cycle,
          kennysheep_little_box, minmay_temple_entry_grid, enter_ossuary_5,
          minmay_shop_mayhem, hangedman_decor_diamond_cutter,
          minmay_hollow_rounded_squares, uniq_sigmund

Skill      XL: |  1  2  3  4  5  6  7  8  9 |
---------------+----------------------------+-----
Fighting       | 4 5 6 7 |  7.6
Armour         | 4 5 6 7 |  7.0
Axes           | 3 5 6 7 9 11 | 11.5
Shields        | 4 5 6 7 |  7.0
Dodging        | 1 2 4 5 |  5.1
Stealth        | 1 |  1.0
Throwing       | |  0.1

Action                   |  1- 3 |  4- 6 |  7- 9 || total
-------------------------+-------+-------+-------++-------
Melee: War axe           |    93 |    65 |   300 ||   458
       Headbutt          |    11 |     8 |    55 ||    74
Throw: Throwing net      |     1 |       |     1 ||     2
Invok: Berserk           |       |       |     1 ||     1
  Use: Scroll            |     1 |     6 |     7 ||    14
       Potion            |     1 |     1 |     1 ||     3
Armor: Scale mail        |    55 |    21 |    26 ||   102
       Skin              |       |    21 |       ||    21
       Ring mail         |       |       |   102 ||   102
Dodge: Dodged            |    25 |    13 |   100 ||   138
Block: Kite shield       |    54 |    38 |   147 ||   239

Table legend: (Time is in decaauts)
 A = Elapsed time spent in this place.
 B = Non-inter-level travel time spent in this place.
 C = Inter-level travel time spent in this place.
 D = Time resting spent in this place.
 E = Time spent auto-exploring this place.
 F = Levels seen in this place.
 G = Mean time per level.
                   A        B        C        D        E       F      G
               +--------+--------+--------+--------+--------+-----+--------+
         Total |   6382 |   6214 |    168 |    461 |   4412 |   7 |  911.7 |
       Dungeon |   6030 |   5862 |    168 |    461 |   4266 |   6 | 1005.0 |
       Ossuary |    352 |    352 |      0 |      0 |    146 |   1 |  352.0 |
               +--------+--------+--------+--------+--------+-----+--------+

Top non-repeatable levels by time:
     D:3: 1539 daAuts
     D:1: 1061 daAuts
     D:4: 957 daAuts
     D:5: 920 daAuts
     D:2: 809 daAuts
     D:6: 743 daAuts
 Ossuary: 352 daAuts
